 Dungeon Crawl Stone Soup version 0.30-a0-913-g9934a0ce24 (webtiles) character file.

Game seed: 17157884000364699537

179 bmack86 the Trooper (level 5, -1/47 HPs)
             Began as a Minotaur Fighter on Mar 20, 2023.
             Succumbed to Duvessa's poison
             ... on level 4 of the Dungeon.
             The game lasted 00:08:55 (2618 turns).

bmack86 the Trooper (Minotaur Fighter)              Turns: 2618, Time: 00:08:55

Health: -1/47      AC: 11    Str: 22    XL:     5   Next: 33%
Magic:  1/4        EV:  7    Int:  5    God:
Gold:   106        SH:  4    Dex: 10    Spells: 4/4 levels left

rFire   . . .      SeeInvis +    w - +0 broad axe
rCold   . . .      Faith    .    c - +0 buckler
rNeg    . . .      Spirit   +    p - +0 chain mail
rPois   .          Reflect  .    (helmet restricted)
rElec   .          Rampage  .    r - +1 cloak of Servitude {Will+ SInv Stlth+}
rCorr   .                        (no gloves)
Will    +....                    (no boots) Stlth
                                 f - amulet of guardian spirit
HPRegen 0.27/turn                (no ring)
MPRegen 0.09/turn                (no ring)

@: mighty, lethally poisoned (-1 -> -36)
A: horns 2, retaliatory headbutt
a: no special abilities


You were on level 4 of the Dungeon.
You visited 1 branch of the dungeon, and saw 4 of its levels.

You collected 158 gold pieces.
You spent 52 gold pieces at shops.

Inventory:

Hand Weapons
 a - a +0 war axe
 w - a +0 broad axe (weapon)
Missiles
 i - 4 poisoned darts (quivered)
 q - 2 boomerangs
Armour
 b - a +0 scale mail
 c - a +0 buckler (worn)
 p - a +0 chain mail (worn)
 r - the +1 cloak of Servitude (worn) {Will+ SInv Stlth+}
   (You found it on level 4 of the Dungeon)

   SInv:      It lets you see invisible.
   Will:      It increases your willpower.
   Stlth:     It makes you more stealthy.
Jewellery
 f - an amulet of guardian spirit (around neck)
 g - an amulet of magic regeneration
 k - a +5 ring of evasion
Wands
 e - a wand of mindburst (16)
Scrolls
 h - a scroll of magic mapping
 t - 2 scrolls of poison
 u - a scroll of immolation {unknown}
Potions
 d - 2 potions of might
 j - 3 potions of brilliance
 l - a potion of haste {unknown}
 m - 2 potions of mutation
 n - a potion of invisibility {unknown}
 o - a potion of curing {unknown}
 s - a potion of flight {unknown}
 v - a potion of attraction {unknown}


   Skills:
 + Level 4.5 Fighting
 * Level 4.4 Axes
 + Level 1.2 Throwing
 + Level 4.5 Armour
 + Level 4.4 Shields


You had 4 spell levels left.
You didn't know any spells.
Your spell library contained the following spells:

 Spells                   Type           Power      Damage    Failure   Level
 Leda's Liquefaction      Hex/Erth       0%         N/A       100%        4
 Lee's Rapid Deconstruct  Erth           0%         3d4*      100%        5
 Statue Form              Tmut/Erth      0%         N/A       100%        6


Dungeon Overview and Level Annotations

Branches:
Dungeon (4/15)
 Temple: D:4-7

Altars:
Nemelex Xobeh
Trog
The Shining One

Shops:
D:3 [=*([

Annotations:
D:4 Dowan, Duvessa


Innate Abilities, Weirdness & Mutations

You have a pair of horns on your head.
You reflexively headbutt those who attack you in melee.


Message History

You throw a poisoned dart. The poisoned dart hits Duvessa.
Duvessa is poisoned.
You throw a poisoned dart.
The poisoned dart closely misses Duvessa.
You throw a poisoned dart. The poisoned dart hits Duvessa.
Duvessa looks even sicker.
Duvessa is lightly wounded.
Dowan casts a spell.
Dowan blinks!
You throw a poisoned dart.
The poisoned dart closely misses Duvessa.
Duvessa hits you but does no damage.
You are poisoned.
You hit Duvessa but do no damage.
Duvessa is lightly wounded.
You hit Dowan.
You feel very sick.
Dowan points at you and mumbles some strange words.
The puff of flame hits you! Duvessa hits you but does no damage.
You are more poisoned.
Dowan says, "My weaknesses are her strengths!"
Dowan hits you but does no damage.
Duvessa hits you with a +1 rapier of venom.
Sorry, you're not good enough to have a special ability.
You feel very mighty all of a sudden.
You feel very sick. Duvessa hits you but does no damage.
You are more poisoned.
Dowan hits you but does no damage.
You slash Duvessa!
Duvessa is moderately wounded.
You closely miss Dowan.
You feel very sick. Dowan hits you but does no damage.
Duvessa hits you with a +1 rapier of venom!
* * * LOW HITPOINT WARNING * * *
You are more poisoned.
You slice Dowan!! Your headbutt misses Dowan.
Dowan is almost dead.
You barely miss Duvessa.
You die...

## .. #. #.###########
#...........#
#...........#########
#....................
+....................
#..e@................
#...e.......#........
#.(...########........
......... #........
....(....
.............
..........
...########..
(.((.!...#
##.########..
.........#
#...........
#####.......


You could see Duvessa (poisoned) and Dowan.

Vanquished Creatures
  A hound (D:3)
  An orc priest (D:3)
  An orc wizard (D:3)
  3 adders
  A dart slug (D:1)
  11 orcs (D:3)
  3 ball pythons
  5 endoplasms
  2 giant cockroaches
  4 goblins
  2 hobgoblins (D:1)
  2 jackals (D:1)
  2 quokkas
  5 bats
  5 frilled lizards
  5 kobolds
  8 rats
61 creatures vanquished.

Notes
Turn   | Place    | Note
-------+----------+-------------------------------------------
     0 | D:1      | bmack86 the Minotaur Fighter began the quest for the Orb.
     0 | D:1      | Reached XP level 1. HP: 19/19 MP: 0/0
   140 | D:1      | Reached XP level 2. HP: 25/27 MP: 1/1
   451 | D:1      | Reached XP level 3. HP: 28/33 MP: 2/2
  1699 | D:3      | Found Arukupp's Assorted Antiques.
  1707 | D:3      | Reached XP level 4. HP: 32/40 MP: 3/3
  1845 | D:3      | Found a bloodstained altar of Trog.
  1877 | D:3      | Found Dooqaikh's Weapon Shop.
  1913 | D:3      | Found Pauhy's Antique Armour Shoppe.
  1961 | D:3      | Bought a +0 broad axe for 52 gold pieces
  1987 | D:3      | Reached skill level 1 in Throwing
  2024 | D:3      | Found Guvvat's Jewellery Emporium.
  2040 | D:3      | Reached XP level 5. HP: 45/47 MP: 2/4
  2062 | D:3      | HP: 2/47 [orc/+0 trident (2)]
  2270 | D:3      | Found Vaeka's Antique Armour Emporium.
  2317 | D:3      | Found a glowing golden altar of the Shining One.
  2375 | D:3      | Found a sparkling altar of Nemelex Xobeh.
  2552 | D:4      | Identified the +1 cloak of Servitude {Will+ SInv Stlth+}
  2608 | D:4      | Noticed Duvessa
  2608 | D:4      | Noticed Dowan
  2618 | D:4      | Succumbed to Duvessa's poison

Illustrated notes

Levels and vault maps discovered:
D:1:      shiori_arrival_oz, layout_loops_cross, minivault_26
D:2:      layout_basic
D:3:      layout_rooms, mainiacjoe_overflow_surrounded_room,
          mainiacjoe_overflow_catwalk, bloody_trog, serial_shops,
          nicolae_shop_advertising_works [nicolae_subvault_shop_adworks], shop,
          nicolae_shop_hallway_plus, nicolae_shop_statue_plus, shop
D:4:      layout_basic, kennysheep_orc_chapel, uniq_duvessa

Skill      XL: |  1  2  3  4 |
---------------+-------------+-----
Axes           | 3 4 |  4.4
Armour         | 4 |  4.5
Shields        | 4 |  4.4
Fighting       | 4 |  4.5
Throwing       | 1 |  1.2

Action                     |  1- 3 |  4- 6 || total
---------------------------+-------+-------++-------
  Melee: War axe           |    68 |    23 ||    91
         Headbutt          |     8 |     6 ||    14
         Broad axe         |       |    35 ||    35
  Throw: Dart              |     6 |     5 ||    11
    Use: Scroll            |       |     7 ||     7
         Potion            |       |     1 ||     1
 Armour: Scale mail        |    26 |     2 ||    28
         Chain mail        |       |    54 ||    54
  Dodge: Dodged            |    31 |    24 ||    55
  Block: Buckler           |    14 |    15 ||    29

Table legend: (Time is in decaauts)
 A = Elapsed time spent in this place.
 B = Non-inter-level travel time spent in this place.
 C = Inter-level travel time spent in this place.
 D = Time resting spent in this place.
 E = Time spent auto-exploring this place.
 F = Levels seen in this place.
 G = Mean time per level.
                   A        B        C        D        E       F      G
               +--------+--------+--------+--------+--------+-----+--------+
         Total |   2666 |   2575 |     91 |     39 |   1819 |   4 |  666.5 |
       Dungeon |   2666 |   2575 |     91 |     39 |   1819 |   4 |  666.5 |
               +--------+--------+--------+--------+--------+-----+--------+

Top non-repeatable levels by time:
     D:2: 900 daAuts
     D:3: 856 daAuts
     D:1: 818 daAuts
     D:4: 90 daAuts
